 Dungeon Crawl Stone Soup version 0.28-a0-612-gcfc00ec14d (webtiles) character file.

Game seed: 17701291880923785601

5299 siradein the Ruffian (level 10, -1/94 (98) HPs)
             Began as a Troll Transmuter on Oct 6, 2021.
             Was a Believer of Wu Jian.
             Slain by an orc warrior (8 damage)
             ... on level 9 of the Dungeon.
             The game lasted 00:35:52 (7034 turns).

siradein the Ruffian (Troll Transmuter)             Turns: 7034, Time: 00:35:53

HP:   -1/94 (98)    AC:  8    Str: 20    XL:     10   Next: 37%
MP:   14/15         EV: 13    Int: 11    God:    Wu Jian [**....]
Gold: 460           SH:  0    Dex: 17    Spells: 8/18 levels left

rFire   . . .      SeeInvis .     - Unarmed
rCold   . . .      Faith    .   (no shield)
rNeg    . . .      Spirit   .   B - +0 steam dragon scales
rPois   .          Reflect  .   (helmet currently unavailable)
rElec   .          Harm     .   i - +0 cloak
rCorr   +          Rampage  .   (gloves unavailable)
Will    .....                   (boots unavailable)
Stlth   ++........              (no amulet)
HPRegen 1.25/turn               h - +6 ring of dexterity
MPRegen 0.14/turn               l - ring of resist corrosion

@: appendages, lightly drained
A: horns 2, talons 2, large, unfitting armour, claws 3, regeneration 1, shaggy
fur 1, tough skin 1
a: End Transformation, Renounce Religion, Wall Jump


You were on level 9 of the Dungeon.
You worshipped Wu Jian.
Wu Jian was pleased with you.
You had temporarily grown beastly horns and talons.
You visited 1 branch of the dungeon, and saw 9 of its levels.

You collected 460 gold pieces.

Inventory:

Hand Weapons
 z - the +10 long sword of Youthful Indiscretion {vorpal, Str+7 SInv}
   (You found it on level 8 of the Dungeon)

   It inflicts extra damage upon your enemies.
   Str:       It affects your strength (+7).
   SInv:      It lets you see invisible.
Missiles
 t - 22 poisoned darts
Armour
 i - a +0 cloak (worn)
 B - +0 steam dragon scales (worn)
Jewellery
 h - a +6 ring of dexterity (left claw)
 l - a ring of resist corrosion (right claw)
 y - a ring of protection from fire
Wands
 u - a wand of iceblast (6)
Scrolls
 b - 4 scrolls of enchant weapon
 c - 2 scrolls of torment {unknown}
 e - 4 scrolls of identify {unknown}
 n - a scroll of teleportation {unknown}
 o - a scroll of vulnerability {unknown}
 q - a scroll of holy word {unknown}
 r - 4 scrolls of enchant armour {unknown}
 s - a scroll of fog {unknown}
 w - 2 scrolls of blinking {unknown}
 x - a scroll of immolation {unknown}
 A - a scroll of amnesia {unknown}
Potions
 d - 2 potions of mutation {unknown}
 g - 4 potions of curing {unknown}
 j - a potion of invisibility {unknown}
 k - 2 potions of berserk rage {unknown}
 m - a potion of might {unknown}
 p - a potion of flight {unknown}
 v - a potion of brilliance {unknown}


   Skills:
 + Level 5.7 Fighting
 + Level 0.2 Armour
 + Level 6.0 Dodging
 + Level 7.6 Unarmed Combat
 + Level 4.5 Spellcasting
 + Level 5.4 Transmutations


You had 8 spell levels left.
You knew the following spells:

 Your Spells              Type           Power      Damage    Failure   Level
a - Beastly Appendage     Tmut           28%        N/A       2%          1
b - Wereblood             Tmut           14%        N/A       3%          2
c - Spider Form           Tmut/Pois      4%         N/A       22%         3
d - Ice Form              Ice/Tmut       8%         N/A       58%         4

Your spell library contained the following spells:

 Spells                   Type           Power      Damage    Failure   Level
 Summon Small Mammal      Summ           8%         N/A       22%         1
 Slow                     Hex            2%         N/A       34%         2
 Call Canine Familiar     Summ           2%         N/A       56%         3
 Confusing Touch          Hex            2%         N/A       56%         3
 Ozocubu's Armour         Ice            2%         N/A       56%         3
 Summon Guardian Golem    Hex/Summ       2%         N/A       56%         3
 Yara's Violent Unravell  Hex/Tmut       4%         3d4       90%         5
 Eringya's Noxious Bog    Tmut/Pois      4%         N/A       100%        6
 Dragon Form              Tmut           7%         N/A       100%        7
 Ozocubu's Refrigeration  Ice            1%         4d5       100%        7


Dungeon Overview and Level Annotations

Branches:
Dungeon (9/15)             Temple (0/1) D:7
   Lair: D:8-11         Orc: D:9-12

Altars:
Fedhas
Gozag
Makhleb
Ru
Trog
Uskayaw
Vehumet
Wu Jian
Xom
Zin

Shops:
D:1 ?

Annotations:
D:7 2 transporters, MisterAzrael's ghost, novice DEFE


Innate Abilities, Weirdness & Mutations

You have temporarily grown beastly horns and talons.
You are too large for most types of armour.
You have claws for hands.
Your natural rate of healing is unusually fast.
You are covered in fur. (AC +1)
You have tough skin. (AC +1)


Message History

You spin and attack the two-headed ogre.
You barely miss the two-headed ogre.
The two-headed ogre is moderately wounded.
You spin and attack the orc.
You closely miss the orc.
You spin and attack the orc wizard.
You claw the orc wizard!
The orc wizard is heavily wounded.
You spin and attack the orc repeatedly.
You claw the orc!
You kill the orc!
The Council accepts your kill. The orc hits you with a +0 flail.
The orc wizard zaps a wand.
Your mind is blasted!
* * * LOW HITPOINT WARNING * * *
Items here: ( ) / [ †.
You spin and attack the orc wizard.
You closely miss the orc wizard.
The orc wizard is heavily wounded.
The orc wizard casts a spell at you. The magic dart hits you.
* * * LOW HITPOINT WARNING * * *
You feel much better. The two-headed ogre closely misses you.
The two-headed ogre hits you but does no damage.
The orc wizard closely misses you.
You spin and attack the orc warrior.
You scratch the orc warrior but do no damage.
The orc wizard mumbles some strange words.
The orc wizard flickers and vanishes!
Deactivating autopickup; reactivate with Ctrl-A.
The orc warrior closely misses you.
Casting: Beastly Appendage (safe; 2% risk of failure)
Confirm with . or Enter, or press ? or * to list all spells.
You grow a pair of large bovine horns.
Your feet morph into talons.
The two-headed ogre hits you with a +0 giant club!
* * * LOW HITPOINT WARNING * * *
The two-headed ogre hits you with a +0 giant club!
* * * LOW HITPOINT WARNING * * *
You spin and attack the orc warrior.
You claw the orc warrior!
You claw the orc warrior, but do no damage.
You headbutt the orc warrior, but do no damage.
The orc warrior is heavily wounded.
The orc warrior hits you with a +0 battleaxe!
You die...

+..o...# #.####.# ###
#.####.# ....#......#
..#......# .'.###..#
.#.###).# #...O.)#
+##############.@o...#
.................o...#
...###...............#
...# #..#######......#
...# #...........##..#
...###...........##..#
.................##..#
.................# ..#
............[.....


You could see a two-headed ogre, an orc warrior and an orc.

Vanquished Creatures
  A boulder beetle (D:6)
  2 two-headed ogres
  Pikel (D:6)
  Joseph (D:9)
  Sigmund (D:3)
  2 steam dragons
  2 black bears
  An ice beast (D:7)
  2 sky beasts
  An orc warrior (D:5)
  An ogre (D:7)
  4 centaurs
  2 kobold brigands
  2 bullfrogs (D:8)
  2 scorpions (D:4)
  A wyvern skeleton (D:5)
  A killer bee (D:6)
  3 wights (D:9)
  3 howler monkeys (D:7)
  2 centaur zombies
  2 jellies
  3 orc priests (D:5)
  A bullfrog skeleton (D:5)
  Crazy Yiuf (D:6)
  An iguana (D:6)
  Natasha (thrice) (D:3)
  Terence (D:2)
  7 orc wizards
  9 adders
  An ufetubus (D:4)
  4 dart slugs
  13 orcs
  5 ball pythons
  3 bats (D:2)
  9 endoplasms
  4 giant cockroaches
  4 goblins
  9 hobgoblins
  8 jackals
  13 kobolds
  5 quokkas
  4 frilled lizards
  5 rats
150 creatures vanquished.

Vanquished Creatures (others)
  51 plants (D:5)
51 creatures vanquished.

Grand Total: 201 creatures vanquished

Notes
Turn   | Place    | Note
-------+----------+-------------------------------------------
     0 | D:1      | siradein the Troll Transmuter began the quest for the Orb.
     0 | D:1      | Reached XP level 1. HP: 18/18 MP: 1/1
    54 | D:1      | Reached skill level 1 in Fighting
    58 | D:1      | Reached XP level 2. HP: 19/27 MP: 3/3
    83 | D:1      | Found Maont's Magic Scroll Emporium.
   162 | D:1      | Got the Catalogue of the Countless Wonders
   183 | D:1      | Found a faded altar of an unknown god.
   264 | D:1      | Reached XP level 3. HP: 33/33 MP: 4/4
   481 | D:2      | Learned a level 2 spell: Wereblood
   800 | D:2      | Noticed Terence
   802 | D:2      | You fall into a shaft and drop 2 floors!
   804 | D:4      | Noticed a scorpion
   846 | D:3      | Noticed Sigmund
   857 | D:3      | Killed Sigmund
   858 | D:3      | Reached XP level 4. HP: 29/42 MP: 3/6
   858 | D:3      | Reached XP level 5. HP: 33/49 MP: 3/7
   962 | D:3      | Found a blossoming altar of Fedhas.
   965 | D:3      | Found a bloodstained altar of Trog.
   965 | D:3      | Found a sacrificial altar of Ru.
   986 | D:3      | Found an ornate altar of the Wu Jian Council.
   994 | D:3      | Became a worshipper of the Wu Jian Council
  1095 | D:3      | Found a radiant altar of Vehumet.
  1098 | D:3      | Noticed Natasha
  1106 | D:3      | Killed Natasha
  1301 | D:3      | Noticed Natasha
  1305 | D:3      | Killed Natasha
  1306 | D:3      | Reached skill level 4 in Unarmed Combat
  1306 | D:3      | Reached XP level 6. HP: 57/57 MP: 6/8
  1328 | D:3      | Noticed Natasha
  1332 | D:3      | Killed Natasha
  1732 | D:2      | Killed Terence
  2018 | D:4      | Learned a level 3 spell: Spider Form
  2332 | D:4      | Found a glowing silver altar of Zin.
  2523 | D:4      | Reached * piety under Wu Jian
  2941 | D:4      | Reached XP level 7. HP: 59/66 MP: 7/9
  2963 | D:4      | Found an opulent altar of Gozag.
  3150 | D:5      | Entered Level 5 of the Dungeon
  3437 | D:5      | Reached skill level 5 in Unarmed Combat
  3550 | D:5      | Reached XP level 8. HP: 39/75 MP: 11/11
  3894 | D:5      | Learned a level 4 spell: Ice Form
  4307 | D:6      | Noticed a two-headed ogre
  4396 | D:6      | Killed a two-headed ogre
  4397 | D:6      | Reached skill level 6 in Unarmed Combat
  4522 | D:6      | Reached XP level 9. HP: 80/85 MP: 11/13
  4532 | D:6      | Reached ** piety under Wu Jian
  4548 | D:6      | Noticed a boulder beetle
  4583 | D:6      | Killed a boulder beetle
  4584 | D:6      | Reached skill level 5 in Dodging
  4862 | D:6      | Noticed Pikel
  4878 | D:6      | Killed Pikel
  4879 | D:6      | Reached skill level 5 in Fighting
  5166 | D:6      | Found a runed translucent door.
  5167 | D:6      | Noticed Crazy Yiuf
  5195 | D:6      | Identified the +3 plate armour "Fuisaovof" {rN++ Dex+3}
  5278 | D:6      | Killed Crazy Yiuf
  5355 | D:7      | Found a burning altar of Makhleb.
  5385 | D:7      | Found a shimmering altar of Xom.
  5385 | D:7      | Found a shimmering altar of Xom.
  5386 | D:7      | Found a shimmering altar of Xom.
  5387 | D:7      | Found a shimmering altar of Xom.
  5387 | D:7      | Found a shimmering altar of Xom.
  5387 | D:7      | Found a shimmering altar of Xom.
  5387 | D:7      | Found a shimmering altar of Xom.
  5387 | D:7      | Found a shimmering altar of Xom.
  5390 | D:7      | Found a shimmering altar of Xom.
  5404 | D:7      | Reached skill level 7 in Unarmed Combat
  5404 | D:7      | Reached skill level 5 in Transmutations
  5471 | D:7      | Found a hide-covered altar of Uskayaw.
  5512 | D:7      | Found a staircase to the Ecumenical Temple.
  5544 | D:7      | Noticed MisterAzrael's ghost (novice DEFE)
  5558 | D:7      | Found a transporter.
  5676 | D:7      | Found a transporter.
  6015 | D:8      | Identified the +10 long sword of Youthful Indiscretion
                  | {vorpal, Str+7 SInv}
  6083 | D:8      | Noticed a two-headed ogre
  6311 | D:8      | Killed a two-headed ogre
  6312 | D:8      | Reached XP level 10. HP: 73/96 MP: 13/15
  6533 | D:9      | Noticed Joseph
  6577 | D:9      | Killed Joseph
  6963 | D:9      | Noticed a two-headed ogre
  6967 | D:9      | Noticed a cyclops
  7030 | D:9      | HP: 4/94 [orc wizard/magic dart (2)]
  7034 | D:9      | Slain by an orc warrior

Illustrated notes

Levels and vault maps discovered:
D:1:      wander_arrival_lonely_grave, layout_rooms, serial_shops, shop,
          shapermc_ecumenical_altar_flowoftime
D:2:      layout_basic, kennysheep_generic_room_11, uniq_terence
D:3:      layout_loops_corners, grunt_temple_overflow_open,
          mainiacjoe_overflow_paths, kennysheep_generic_room_3, uniq_sigmund,
          uniq_natasha
D:4:      layout_layer_cave, mainiacjoe_overflow_surrounded_room,
          marbit_many_paths, chequers_serial_rivers_marsh
D:5:      layout_loops_cross, serial_bayou, serial_bayou_pond_d,
          serial_bayou_crossing, serial_bayou_ford_a, serial_bayou_lagoon_a,
          grunt_ministairs_9
D:6:      layout_basic, kb_rosetta, uniq_crazy_yiuf_cottage, uniq_pikel
D:7:      layout_basic, xom_redecorated, overflow_temple_1_default,
          nicolae_uskayaw_murder_on_the_dancefloor,
          minmay_temple_entry_overgrown, gammafunk_ghost_hive,
          minmay_misc_feat_more_columns
D:8:      layout_gridville, erik_lair_island, serial_shops,
          nicolae_shop_statue_plus, uniq_erica, uniq_grum, uniq_harold
D:9:      layout_stronghold, evilmike_butchery, uniq_joseph

Skill      XL: |  1  2  3  4  5  6  7  8  9 10 |
---------------+-------------------------------+-----
Fighting       | 1 2 3 4 5 |  5.7
Dodging        | 2 3 4 5 6 |  6.0
Spellcasting   | 2 3 4 |  4.5
Transmutations | 2 3 4 5 |  5.4
Unarmed Combat | 4 5 6 7 |  7.6
Armour         | |  0.2

Action                   |  1- 3 |  4- 6 |  7- 9 | 10-12 || total
-------------------------+-------+-------+-------+-------++-------
Melee: Unarmed           |   100 |    80 |   192 |    60 ||   432
       Punch             |     3 |     2 |     7 |       ||    12
       Kick              |       |     7 |    47 |    15 ||    69
       Headbutt          |       |     3 |    23 |     3 ||    29
Throw: Dart              |       |       |    14 |       ||    14
 Cast: Beastly Appendage |     2 |     6 |    25 |     6 ||    39
       Wereblood         |       |     4 |     7 |     2 ||    13
Invok: Lunge             |       |     7 |    15 |     1 ||    23
       Whirlwind         |       |       |     1 |    11 ||    12
  Use: Scroll            |       |       |     1 |       ||     1
       Potion            |       |       |       |     2 ||     2
 Stab: Sleeping          |     1 |     1 |     4 |       ||     6
Armor: Robe              |    29 |    27 |    64 |     2 ||   122
       Steam dragon scal |       |       |       |    11 ||    11
Dodge: Dodged            |    38 |    42 |    95 |    40 ||   215

Table legend: (Time is in decaauts)
 A = Elapsed time spent in this place.
 B = Non-inter-level travel time spent in this place.
 C = Inter-level travel time spent in this place.
 D = Time resting spent in this place.
 E = Time spent auto-exploring this place.
 F = Levels seen in this place.
 G = Mean time per level.
                   A        B        C        D        E       F      G
               +--------+--------+--------+--------+--------+-----+--------+
         Total |   7037 |   6774 |    263 |    657 |   4697 |   9 |  781.9 |
       Dungeon |   7037 |   6774 |    263 |    657 |   4697 |   9 |  781.9 |
               +--------+--------+--------+--------+--------+-----+--------+

Top non-repeatable levels by time:
     D:4: 1423 daAuts
     D:6: 1159 daAuts
     D:3: 945 daAuts
     D:5: 902 daAuts
     D:7: 655 daAuts
     D:8: 614 daAuts
     D:1: 474 daAuts
     D:2: 445 daAuts
     D:9: 415 daAuts
